 Dungeon Crawl Stone Soup version 0.30.1 (webtiles) character file.

Game seed: 138698507554753047

335 AgateBread the Ogre Mage (level 6, -1/63 HPs)
             Began as an Ogre Earth Elementalist on July 10, 2023.
             Was an Initiate of Vehumet.
             Slain by an iguana (11 damage)
             ... on level 4 of the Dungeon.
             The game lasted 00:12:53 (4154 turns).

AgateBread the Ogre Mage (Ogre Earth Elementalist)  Turns: 4154, Time: 00:12:54

Health: -1/63      AC:  3    Str: 13    XL:     6   Next: 53%
Magic:  12/22      EV:  9    Int: 18    God:    Vehumet [......]
Gold:   300        SH:  0    Dex:  9    Spells: 10/14 levels left

rFire   . . .        n - +0 short sword (speed)
rCold   . . .        (no shield)
rNeg    . . .        a - +0 robe
rPois   .            (helmet restricted)
rElec   .            (no cloak)
rCorr   +            (gloves unavailable)
SInv    .            (boots unavailable)
Will    .....        (no amulet)
Stlth   +            m - ring of magical power
HPRegen 0.30/turn    s - ring of resist corrosion
MPRegen 0.18/turn

%: no passive effects
@: no status effects
A: large, unfitting armour, tough skin 1
a: Renounce Religion


You were on level 4 of the Dungeon.
You worshipped Vehumet.
Vehumet was noncommittal.
You visited 2 branches of the dungeon, and saw 5 of its levels.

You collected 300 gold pieces.

Inventory:

Hand Weapons
 d - a +0 dagger
 i - a +0 heavy war axe
 n - a +0 short sword of speed (weapon)
 w - a +0 dagger of protection
 y - a +0 quarterstaff
Missiles
 g - 5 boomerangs
 v - 3 poisoned darts
Armour
 a - a +0 robe (worn)
Magical Staves
 f - a staff of air
Jewellery
 m - a ring of magical power (left hand)
 s - a ring of resist corrosion (right hand)
Scrolls
 e - a scroll of teleportation {unknown}
 h - a scroll of fog
 j - 2 scrolls of vulnerability {unknown}
 p - 2 scrolls of identify {unknown}
 q - a scroll of amnesia {unknown}
 r - 2 scrolls of noise {unknown}
 x - a scroll of brand weapon {unknown}
Potions
 b - a potion of magic
 k - 2 potions of attraction {unknown}
 l - a potion of ambrosia {unknown}
 o - a potion of mutation {unknown}
 t - a potion of heal wounds {unknown}
 u - a potion of flight {unknown}


   Skills:
 + Level 4.5 Fighting
 - Level 1.7 Dodging
 - Level 1.4 Stealth
 + Level 4.7 Spellcasting
 - Level 0.8 Transmutations
 + Level 4.3 Earth Magic


You had 10 spell levels left.
You knew the following spells:

 Your Spells              Type           Power      Damage    Failure   Level
a - Sandblast             Erth           38%        2d10      2%          1
b - Stone Arrow           Conj/Erth      24%        3d8       17%         3

Your spell library contained the following spells:

 Spells                   Type           Power      Damage    Failure   Level
 Passwall                 Tmut/Erth      10%        N/A       7%          2
 Petrify                  Tmut/Erth      13%        N/A       43%         4


Dungeon Overview and Level Annotations

Branches:
Dungeon (4/15)             Temple (1/1) D:4

Altars:
Ashenzari
Cheibriados
Dithmenos
Elyvilon
Fedhas
Kikubaaqudgha
Makhleb
Okawaru
Qazlal
Ru
Sif Muna
Trog
Uskayaw
Vehumet
Xom
Yredelemnul
Zin
The Shining One

Shops:
D:1 !


Innate Abilities, Weirdness & Mutations

You are too large for most types of armour.
You have tough skin. (AC +1)


Message History

The blast of sand hits Menkaure!
You destroy Menkaure!
Vehumet accepts your kill.
Your Fighting skill increases to level 4!
Your Earth Magic skill increases to level 4!
You have reached level 6!
You feel stronger.
Aiming: Sandblast (safe; 2% risk of failure)
Press: ? - help, Q - select action, (/) - cycle Shift-Dir - straight line, f - iguana
Aim: an iguana (heavily wounded, 84% to hit)
The blast of sand hits the iguana.
The iguana is almost dead.
The iguana bites you!
* * * LOW HITPOINT WARNING * * *
Your magical contamination has completely faded away.
Aiming: Sandblast (safe; 2% risk of failure)
Press: ? - help, Q - select action, (/) - cycle Shift-Dir - straight line, f/p - iguana
Aim: an iguana (almost dead, 84% to hit)
The blast of sand hits the iguana.
You kill the iguana!
Vehumet accepts your kill. The iguana barely misses you.
Aiming: Sandblast (safe; 2% risk of failure)
Press: ? - help, Q - select action, (/) - cycle Shift-Dir - straight line, f - iguana
Aim: an iguana (heavily wounded, 84% to hit)
The blast of sand hits the iguana.
The iguana is severely wounded.
The iguana bites you.
* * * LOW HITPOINT WARNING * * *
Aiming: Sandblast (safe; 2% risk of failure)
Press: ? - help, Q - select action, (/) - cycle Shift-Dir - straight line, f/p - iguana
Aim: an iguana (severely wounded, 84% to hit)
The blast of sand hits the iguana.
The iguana is almost dead.
The iguana bites you.
* * * LOW HITPOINT WARNING * * *
The iguana bites you.
* * * LOW HITPOINT WARNING * * *
You feel better. The iguana bites you!
You die...

#####.##.######
####.##.#
###.###.......#
...........#........
#.#####†#####.######
#.# #..# #.# ##.#
...########.# .#
......l@....# .#
.......###### ^#
...###. . #. #. #.
#. #.


You could see an iguana.

Vanquished Creatures
  Menkaure (D:4)
  2 iguanas (D:4)
  Robin (D:4)
  7 adders
  An ufetubus (D:4)
  A worm (D:3)
  2 dart slugs
  An orc (D:3)
  5 endoplasms
  3 giant cockroaches
  16 goblins
  11 hobgoblins
  10 jackals
  3 kobolds
  4 quokkas
  3 ball pythons
  4 bats
  4 frilled lizards
  6 rats
85 creatures vanquished.

Notes
Turn   | Place    | Note
-------+----------+-------------------------------------------
     0 | D:1      | AgateBread the Ogre Earth Elementalist began the quest for
                  | the Orb.
     0 | D:1      | Reached XP level 1. HP: 16/16 MP: 3/3
    27 | D:1      | Found Corr's Distillery.
   263 | D:1      | Reached skill level 1 in Fighting
   263 | D:1      | Reached XP level 2. HP: 27/27 MP: 3/5
   858 | D:1      | Reached XP level 3. HP: 33/33 MP: 7/7
  1030 | D:1      | Learned a level 3 spell: Stone Arrow
  1421 | D:2      | Found an ancient bone altar of Kikubaaqudgha.
  1685 | D:2      | Reached XP level 4. HP: 44/44 MP: 9/9
  2597 | D:3      | Found a sacrificial altar of Ru.
  2701 | D:3      | Reached XP level 5. HP: 41/53 MP: 10/10
  3014 | D:4      | Noticed Robin
  3276 | D:4      | Killed Robin
  3282 | D:4      | Found a staircase to the Ecumenical Temple.
  3326 | Temple   | Entered the Ecumenical Temple
  3440 | Temple   | Became a worshipper of Vehumet
  4141 | D:4      | Noticed Menkaure
  4149 | D:4      | Killed Menkaure
  4150 | D:4      | Reached XP level 6. HP: 22/63 MP: 13/13
  4154 | D:4      | Slain by an iguana

Illustrated notes

Levels and vault maps discovered:
D:1:      saegor_arrival_simple_b, layout_basic, serial_shops, shop
D:2:      layout_basic, basic_altar
D:3:      layout_loops_ring, amcnicky_altar_gilded, chequers_garden,
          st_stairs_1, dreamdust_princess_bridge
D:4:      layout_loops_ring, minmay_temple_entry_gardened_gates,
          grunt_ministairs_10, minmay_bent, uniq_menkaure, uniq_robin
Temple:   nicolae_temple_bog_church

Skill      XL: |  1  2  3  4  5 |
---------------+----------------+-----
Fighting       | 1 2 3 4 |  4.5
Earth Magic    | 3 4 |  4.3
Spellcasting   | 3 4 |  4.7
Dodging        | |  1.7
Stealth        | |  1.4
Transmutations | |  0.8

Action                     |  1- 3 |  4- 6 || total
---------------------------+-------+-------++-------
  Melee: Dagger            |    20 |       ||    20
         Short sword       |    14 |   109 ||   123
   Cast: Sandblast         |    49 |    61 ||   110
    Use: Potion            |       |     2 ||     2
         Scroll            |       |     1 ||     1
   Stab: Sleeping          |     1 |       ||     1
 Armour: Robe              |    11 |    58 ||    69
  Dodge: Dodged            |    23 |    67 ||    90
